 Dungeon Crawl Stone Soup version 0.26-a0-20-g5f92b90fa0 (webtiles) character file.

Game seed: 2016798896262571344, levelgen mode: deterministic

762 grindst0ne the Skirmisher (level 8, -18/97 HPs)
             Began as a Human Berserker on May 25, 2020.
             Was a Priest of Trog.
             Blown up by Ijyb (20 damage)
             ... with a disintegration bolt
             ... on level 4 of the Dungeon.
             The game lasted 00:12:24 (3421 turns).

grindst0ne the Skirmisher (Human Berserker)         Turns: 3421, Time: 00:12:24

Health: -18/97     AC: 24    Str: 18    XL:     8   Next: 8%
Magic:  8/8        EV:  2    Int:  8    God:    Trog [***...]
Gold:   91         SH:  4    Dex: 14    Spells: 7/7 levels left

rFire    . . .     SeeInvis .   e - +2 spear (flame)
rCold    . . .     Gourm    .   n - +0 buckler
rNeg     + + +     Faith    .   (armour currently unavailable)
rPois    +         Spirit   .   (helmet currently unavailable)
rElec    .         Reflect  .   (cloak currently unavailable)
rCorr    .         Harm     .   (gloves currently unavailable)
MR       .....     NoTele   +   (boots currently unavailable)
Stlth    +.........             (no amulet)
HPRegen  0.26/turn              (no ring)
MPRegen  0.11/turn              (no ring)

@: mighty, tree-form
A: no striking features
a: Berserk, Trog's Hand, Renounce Religion


You were on level 4 of the Dungeon.
You worshipped Trog.
Trog was most pleased with you.
You were not hungry.
You were a tree.
You visited 1 branch of the dungeon, and saw 4 of its levels.

You collected 91 gold pieces.

Inventory:

Hand Weapons
 e - a +2 spear of flaming (weapon)
Missiles
 l - 13 boomerangs (quivered)
Armour
 m - a +0 helmet (melded)
 n - a +0 buckler (worn)
 u - a +0 cloak (melded)
 w - a +0 leather armour (melded)
Jewellery
 h - an uncursed ring of ice
Wands
 r - a wand of flame (38)
Scrolls
 a - a scroll of blinking {unknown}
 j - a scroll of fear {unknown}
 p - 2 scrolls of remove curse
 q - 4 scrolls of amnesia {unknown}
Potions
 d - a potion of flight
 g - a potion of brilliance
 i - a potion of lignification
 k - 2 potions of stabbing
 o - a potion of curing {unknown}
 t - a potion of might
Comestibles
 b - 11 chunks of flesh
 c - 6 rations


   Skills:
 + Level 6.4 Fighting
   Level 4.5 Axes
 - Level 2.0 Armour
 + Level 4.8 Dodging
 + Level 2.0 Shields


You had 7 spell levels left.
You didn't know any spells.
Your spell library was empty.

Dungeon Overview and Level Annotations

Branches:
Dungeon (4/15)
 Temple: D:4-7

Altars:
Dithmenos
Hepliaklqana
Nemelex Xobeh
Xom

Annotations:
D:4 Ijyb


Message History

* * * LOW HITPOINT WARNING * * *
You hit Ijyb but do no damage.
Ijyb is moderately wounded.
Ijyb hits you but does no damage.
Okay, then.
Evoke which item? (* to show all) (? for menu, Esc to quit)
Okay, then.
You barely miss Ijyb.
Ijyb is moderately wounded.
Ijyb hits you but does no damage.
You feel very mighty all of a sudden. You block Ijyb's attack.
You hit Ijyb. You burn Ijyb.
Ijyb is heavily wounded.
Ijyb hits you but does no damage.
You barely miss Ijyb.
Ijyb is heavily wounded.
Ijyb screams, "It's all mine!"
Ijyb zaps a wand.
You are blasted!
You die...

# #.###.........# #
#.............# #
#..##.#.......#
###...#.#....<..#
.)))......#########
##)#..##..# #.. .#
#(#......# #.# .#
#(##....## #.###.###.#
#.#####.# #.#.♣.....#
#.......####.#.#g#####
#######........#.#
######.>...# ##
####### .# .# .# .#


You could see Ijyb.

Vanquished Creatures
  Grinder (D:3)
  Eustachio (D:4)
  An ogre (D:4)
  Crazy Yiuf (D:2)
  A gnoll shaman (D:4)
  Jessica (D:2)
  An iguana (D:4)
  Terence (D:2)
  Robin (D:4)
  5 gnolls (D:4)
  5 adders
  An ooze (D:2)
  3 worms
  4 dart slugs
  5 leopard geckos
  7 orcs
  3 ball pythons
  6 giant cockroaches
  13 goblins
  7 hobgoblins
  4 jackals (D:1)
  3 quokkas
  7 bats
  2 frilled lizards
  7 kobolds
  6 rats
97 creatures vanquished.

Vanquished Creatures (others)
  A goblin (D:4)
1 creature vanquished.

Grand Total: 98 creatures vanquished

Notes
Turn   | Place    | Note
-------+----------+-------------------------------------------
     0 | D:1      | grindst0ne the Human Berserker began the quest for the Orb.
     0 | D:1      | Reached XP level 1. HP: 18/18 MP: 1/1
    53 | D:1      | Reached XP level 2. HP: 17/24 MP: 2/2
   355 | D:1      | Reached XP level 3. HP: 28/29 MP: 3/3
  1055 | D:2      | Reached ** piety under Trog
  1121 | D:2      | Noticed Terence
  1123 | D:2      | Found a shimmering altar of Xom.
  1130 | D:2      | Killed Terence
  1130 | D:2      | Reached skill level 4 in Fighting
  1130 | D:2      | Reached XP level 4. HP: 37/37 MP: 4/4
  1143 | D:2      | Found a shimmering altar of Xom.
  1402 | D:2      | Noticed Jessica
  1419 | D:2      | Reached XP level 5. HP: 39/42 MP: 5/5
  1454 | D:2      | Killed Jessica
  1649 | D:2      | Found a runed translucent door.
  1650 | D:2      | Noticed Crazy Yiuf
  1660 | D:2      | Killed Crazy Yiuf
  1660 | D:2      | Reached skill level 1 in Shields
  1701 | D:2      | Found a shimmering altar of Xom.
  1706 | D:2      | Found a shimmering altar of Xom.
  1706 | D:2      | Found a shimmering altar of Xom.
  1707 | D:2      | Found a shimmering altar of Xom.
  1707 | D:2      | Found a shimmering altar of Xom.
  1707 | D:2      | Found a shimmering altar of Xom.
  1845 | D:2      | Found a shadowy altar of Dithmenos.
  1846 | D:2      | Found a hazy altar of Hepliaklqana.
  1847 | D:2      | Noticed a shadow
  2211 | D:3      | Reached XP level 6. HP: 45/49 MP: 6/6
  2276 | D:3      | Noticed Grinder
  2280 | D:3      | Paralysed by Grinder for 7 turns
  2290 | D:3      | Killed Grinder
  2290 | D:3      | Reached skill level 5 in Fighting
  2290 | D:3      | Reached XP level 7. HP: 44/56 MP: 7/7
  2683 | D:4      | Found a sparkling altar of Nemelex Xobeh.
  2706 | D:4      | Reached *** piety under Trog
  2714 | D:4      | Noticed Eustachio
  2714 | D:4      | HP: 2/56 [gnoll/+0 spear (4)]
  2913 | D:4      | Killed Eustachio
  2913 | D:4      | Reached skill level 6 in Fighting
  3065 | D:4      | Reached XP level 8. HP: 65/65 MP: 8/8
  3197 | D:4      | Noticed Robin
  3235 | D:4      | Killed Robin
  3410 | D:4      | Noticed Ijyb
  3416 | D:4      | HP: 1/97 [disintegration (24)]
  3421 | D:4      | Blown up by Ijyb

Illustrated notes

Levels and vault maps discovered:
D:1:      dpeg_arrival_renting, layout_basic
D:2:      layout_rooms, riverfiend_overflow_shadow_ancestor, xom_redecorated,
          hangedman_glass_teeth, uniq_jessica, uniq_terence,
          uniq_crazy_yiuf_cottage
D:3:      layout_basic, uniq_grinder
D:4:      layout_loops_cross, nemelex_xobeh_ov_fountains_minmay, serial_shops,
          kennysheep_little_box, abandoned_shop, uniq_ijyb, uniq_robin,
          uniq_eustachio

Skill      XL: |  1  2  3  4  5  6  7 |
---------------+----------------------+-----
Fighting       | 4 5 6 |  6.4
Axes           | 4 |  4.5
Shields        | 1 2 |  2.0
Dodging        | 3 4 |  4.8
Armour         | |  2.0

Action                   |  1- 3 |  4- 6 |  7- 9 || total
-------------------------+-------+-------+-------++-------
Melee: Hand axe          |   112 |    53 |       ||   165
       Quarterstaff      |       |    35 |    78 ||   113
       Spear             |       |       |     9 ||     9
Invok: Berserk           |     1 |     2 |     4 ||     7
Evoke: Wand              |       |       |     7 ||     7
  Use: Scroll            |       |     9 |     1 ||    10
       Potion            |       |       |     3 ||     3
 Stab: Sleeping          |     2 |       |       ||     2
       Invisible         |       |     2 |       ||     2
       Paralysed         |       |     1 |       ||     1
  Eat: Chunk             |     1 |     2 |     5 ||     8
       Ration            |       |     1 |     1 ||     2
Armor: Animal skin       |    37 |     5 |       ||    42
       Leather armour    |       |     6 |    27 ||    33
       Skin              |       |       |     3 ||     3
Dodge: Dodged            |    95 |    61 |   114 ||   270
Block: Buckler           |       |       |     2 ||     2

Table legend:
 A = Non-vault XP
 B = Vault XP
 C = Vault XP percentage of total XP
 D = Non-vault monster count
 E = Vault monster count
 F = Vault count percentage of total count
                 A         B        C        D         E       F
            +---------+---------+-------+---------+---------+-------
      Total |     483 |     606 |  55.6 |      80 |      17 |  17.5
            +---------+---------+-------+---------+---------+-------
        D:1 |      52 |       0 |   0.0 |      28 |       0 |   0.0
        D:2 |      76 |     113 |  59.8 |      21 |       3 |  12.5
        D:3 |      51 |     262 |  83.7 |      13 |       1 |   7.1
        D:4 |     304 |     231 |  43.2 |      18 |      13 |  41.9
            +---------+---------+-------+---------+---------+-------
